 Dungeon Crawl Stone Soup version 0.30-a0-723-gc1506a1cf0 (webtiles) character file.

Game seed: 1685728449109284631

272 Leeroy the Grasshopper (level 6, -4/49 (51) HPs)
             Began as a Gnoll Warper on Jan 28, 2023.
             Slain by an iguana (9 damage)
             ... on level 4 of the Dungeon.
             The game lasted 00:04:20 (2769 turns).

Leeroy the Grasshopper (Gnoll Warper)               Turns: 2769, Time: 00:04:21

HP:   -4/49 (51)    AC:  4    Str: 11    XL:     6   Next: 23%
MP:   14/14         EV: 13    Int: 12    God:
Gold: 207           SH:  0    Dex: 13    Spells: 3/15 levels left

rFire   . . .      SeeInvis .    p - +1 short sword (flame)
rCold   . . .      Faith    .    (no shield)
rNeg    . . .      Spirit   .    b - +0 leather armour
rPois   .          Reflect  .    j - +1 hat
rElec   .          Harm     .    (no cloak)
rCorr   .          Rampage  .    (no gloves)
Will    .....                    (no boots)
Stlth   ++                       (no amulet)
HPRegen 0.28/turn                (no ring)
MPRegen 0.14/turn                (no ring)

@: lightly drained
A: fangs 1, strong nose, distributed training
a: no special abilities


You were on level 4 of the Dungeon.
You visited 1 branch of the dungeon, and saw 4 of its levels.

You collected 207 gold pieces.

Inventory:

Hand Weapons
 a - a +0 falchion
 p - a +1 short sword of flaming (weapon)
Missiles
 d - 7 boomerangs of dispersal (quivered)
Armour
 b - a +0 leather armour (worn)
 j - a +1 hat (worn)
 u - a +0 buckler
Magical Staves
 k - a staff of air
Scrolls
 c - a scroll of blinking
 e - a scroll of magic mapping
 f - 2 scrolls of teleportation {unknown}
 g - 2 scrolls of identify {unknown}
 h - a scroll of torment {unknown}
 i - a scroll of amnesia {unknown}
 l - a scroll of immolation {unknown}
 m - a scroll of enchant armour {unknown}
 q - a scroll of butterflies {unknown}
 s - a scroll of noise {unknown}
Potions
 n - a potion of mutation {unknown}
 o - a potion of curing {unknown}
 r - a potion of degeneration {unknown}
 t - a potion of berserk rage {unknown}


   Skills:
 + Level 5.0 Fighting
 + Level 2.0 Short Blades
 + Level 5.0 Long Blades
 + Level 2.0 Axes
 + Level 2.0 Maces & Flails
 + Level 2.0 Polearms
 + Level 2.0 Staves
 + Level 2.0 Ranged Weapons
 + Level 3.2 Throwing
 + Level 3.2 Armour
 + Level 5.0 Dodging
 + Level 2.0 Stealth
 + Level 2.0 Shields
 + Level 2.0 Unarmed Combat
 + Level 5.3 Spellcasting
 + Level 1.5 Conjurations
 + Level 1.5 Hexes
 + Level 1.5 Summonings
 + Level 1.5 Necromancy
 + Level 5.6 Translocations
 + Level 1.5 Transmutations
 + Level 1.5 Fire Magic
 + Level 1.5 Ice Magic
 + Level 1.5 Air Magic
 + Level 1.5 Earth Magic
 + Level 1.5 Poison Magic
 + Level 2.1 Invocations
 + Level 2.0 Evocations


You had 3 spell levels left.
You knew the following spells:

 Your Spells              Type           Power      Damage    Failure   Level
a - Blink                 Tloc           32%        N/A       3%          2
b - Teleport Other        Tloc           16%        N/A       7%          3
c - Manifold Assault      Tloc           16%        N/A       24%         4
d - Vhi's Electric Charg  Tloc/Air       22%        N/A       17%         3

Your spell library contained the following spells:

 Spells                   Type           Power      Damage    Failure   Level
 Lesser Beckoning         Tloc           32%        N/A       3%          2
 Sting                    Tmut/Pois      24%        1d4       13%         1
 Poisonous Vapours        Pois/Air       12%        N/A       21%         2
 Olgreb's Toxic Radiance  Pois           6%         N/A       78%         4
 Malign Gateway           Summ/Tloc      5%         N/A       100%        7
 Summon Horrible Things   Summ           3%         N/A       100%        8


Dungeon Overview and Level Annotations

Branches:
Dungeon (4/15)
 Temple: D:4-7

Altars:
Yredelemnul


Innate Abilities, Weirdness & Mutations

You have very sharp teeth.
Your uncanny sense of smell can sniff out nearby items.
Your experience applies equally to all skills.


Message History

An iguana comes into view.
An iguana and a necrophage come into view.
The helpless necrophage fails to defend itself.
You puncture the necrophage! You burn the necrophage.
The necrophage is moderately damaged.
The necrophage hits you.
You barely miss the necrophage.
You bite the necrophage, but do no damage.
The necrophage is moderately damaged.
The necrophage hits you.
You barely miss the necrophage.
The necrophage is moderately damaged.
The necrophage hits you.
You feel drained.
You are too injured to fight recklessly!
You are too injured to fight recklessly!
You are too injured to fight recklessly!
You are too injured to fight recklessly!
You are too injured to fight recklessly!
You hit the necrophage but do no damage.
The necrophage is moderately damaged.
The iguana hisses angrily.
The necrophage barely misses you.
The iguana hisses menacingly.
You hit the necrophage. You burn the necrophage.
The necrophage is heavily damaged.
The necrophage closely misses you.
You closely miss the necrophage.
The necrophage is heavily damaged.
The necrophage hits you. The iguana attacks as you move away!
The iguana bites you!
* * * LOW HITPOINT WARNING * * *
The necrophage attacks as you move away!
The necrophage misses you.
You hit the iguana. You burn the iguana.
The iguana is lightly wounded.
You hear the slow hiss of a very distant avalanche of sand.
You hit the iguana. You burn the iguana.
The iguana is heavily wounded.
The iguana bites you!
You die...

***#...........###+## #....#.# *,
...............###.# #....#.# *,
..............<##..# #....#.# *,
...............##..# #..).#.# *,
#####+###########..# #......# *,
,,,,,,,,,*####* #..# #......##*,
,,,,,,,,,*#...* #..# #.........,
,,,,,,,,,*#...###..####..######.,
,,,,,,,,,*#...nl@............#*,,
,,,,,,,,,*#....#############.#*,,
,,<,,,,,,++...........,,,,,,,**,,
,,,,,,,,,*#.l..#######*********,,
,,,,,,,,,....#.#,,,,,,,,,* *,,
,,,,,,,...##....,,,,,,,*,* *,,
,,,,,<,..,*###.#,*****,*,* *,,
,,,,,,,.,,,,,...,,,,,,,,,* *,,
,,,,,,,,,****###******,********,,


You could see a necrophage and 2 iguanas.

Vanquished Creatures
  A water moccasin (D:4)
  An orc priest (D:2)
  A human zombie (D:3)
  5 adders
  3 worms
  A dart slug (D:1)
  6 orcs
  5 bats
  2 endoplasms
  3 giant cockroaches
  3 goblins
  3 hobgoblins
  3 jackals (D:2)
  3 kobolds
  5 quokkas
  3 ball pythons
  4 frilled lizards
  2 rats
54 creatures vanquished.

Vanquished Creatures (others)
  A dart slug (D:3)
  A giant cockroach (D:3)
  A bat (D:3)
3 creatures vanquished.

Grand Total: 57 creatures vanquished

Notes
Turn   | Place    | Note
-------+----------+-------------------------------------------
     0 | D:1      | Leeroy the Gnoll Warper began the quest for the Orb.
     0 | D:1      | Reached XP level 1. HP: 20/20 MP: 6/6
   245 | D:1      | Reached XP level 2. HP: 26/26 MP: 7/7
   499 | D:1      | Learned a level 2 spell: Blink
   879 | D:1      | Reached skill level 5 in Spellcasting
   879 | D:1      | Reached XP level 3. HP: 17/31 MP: 7/9
   943 | D:2      | Reached skill level 1 in Short Blades
   943 | D:2      | Reached skill level 1 in Axes
   943 | D:2      | Reached skill level 1 in Maces & Flails
   943 | D:2      | Reached skill level 1 in Polearms
   943 | D:2      | Reached skill level 1 in Staves
   943 | D:2      | Reached skill level 1 in Ranged Weapons
   943 | D:2      | Reached skill level 1 in Stealth
   943 | D:2      | Reached skill level 1 in Shields
   943 | D:2      | Reached skill level 1 in Unarmed Combat
   943 | D:2      | Reached skill level 1 in Invocations
   943 | D:2      | Reached skill level 1 in Evocations
  1141 | D:2      | Reached XP level 4. HP: 38/38 MP: 11/11
  1175 | D:2      | Reached skill level 1 in Conjurations
  1175 | D:2      | Reached skill level 1 in Hexes
  1175 | D:2      | Reached skill level 1 in Summonings
  1175 | D:2      | Reached skill level 1 in Necromancy
  1175 | D:2      | Reached skill level 1 in Transmutations
  1175 | D:2      | Reached skill level 1 in Fire Magic
  1175 | D:2      | Reached skill level 1 in Ice Magic
  1175 | D:2      | Reached skill level 1 in Air Magic
  1175 | D:2      | Reached skill level 1 in Earth Magic
  1175 | D:2      | Reached skill level 1 in Poison Magic
  1219 | D:2      | Learned a level 3 spell: Teleport Other
  1224 | D:2      | Learned a level 4 spell: Manifold Assault
  1228 | D:2      | Learned a level 3 spell: Vhi's Electric Charge
  1826 | D:3      | Noticed a human
  1827 | D:3      | Found a runed translucent door.
  1849 | D:3      | Reached XP level 5. HP: 18/43 MP: 12/12
  1944 | D:3      | Found a basalt altar of Yredelemnul.
  2323 | D:3      | Found a faded altar of an unknown god.
  2675 | D:4      | Noticed a water moccasin
  2730 | D:4      | Killed a water moccasin
  2731 | D:4      | Reached skill level 5 in Fighting
  2731 | D:4      | Reached skill level 5 in Long Blades
  2731 | D:4      | Reached skill level 5 in Dodging
  2731 | D:4      | Reached XP level 6. HP: 26/51 MP: 14/14
  2769 | D:4      | Slain by an iguana

Illustrated notes

Levels and vault maps discovered:
D:1:      lightli_arrival_chessboard, layout_basic
D:2:      cheibrodos_pilgrimage, layout_basic, minmay_pentomino_w4
D:3:      minmay_goblin_kobold_castle, layout_basic, dk_yredelemnul_ordeal,
          shapermc_ecumenical_altar_notcrosses
D:4:      minmay_chambers_of_fours, layout_basic, serial_shops, shop,
          chequers_ossuary_entry_cave, minivault_26

Skill      XL: |  1  2  3  4  5  6 |
---------------+-------------------+-----
Spellcasting   | 5 |  5.3
Short Blades   | 1 2 |  2.0
Axes           | 1 2 |  2.0
Maces & Flails | 1 2 |  2.0
Polearms       | 1 2 |  2.0
Staves         | 1 2 |  2.0
Ranged Weapons | 1 2 |  2.0
Stealth        | 1 2 |  2.0
Shields        | 1 2 |  2.0
Unarmed Combat | 1 2 |  2.0
Invocations    | 1 2 |  2.1
Evocations     | 1 2 |  2.0
Conjurations   | 1 |  1.5
Hexes          | 1 |  1.5
Summonings     | 1 |  1.5
Necromancy     | 1 |  1.5
Transmutations | 1 |  1.5
Fire Magic     | 1 |  1.5
Ice Magic      | 1 |  1.5
Air Magic      | 1 |  1.5
Earth Magic    | 1 |  1.5
Poison Magic   | 1 |  1.5
Throwing       | 3 |  3.2
Armour         | 3 |  3.2
Fighting       | 5 |  5.0
Long Blades    | 5 |  5.0
Dodging        | 5 |  5.0
Translocations | |  5.6

Action                     |  1- 3 |  4- 6 || total
---------------------------+-------+-------++-------
  Melee: Falchion          |    93 |    69 ||   162
         Bite              |     8 |    24 ||    32
         Punch             |     1 |     3 ||     4
         Short sword       |       |   108 ||   108
    Use: Potion            |       |     1 ||     1
         Scroll            |       |     1 ||     1
   Stab: Sleeping          |       |     3 ||     3
 Armour: Leather armour    |    11 |    43 ||    54
  Dodge: Dodged            |    65 |   116 ||   181

Table legend: (Time is in decaauts)
 A = Elapsed time spent in this place.
 B = Non-inter-level travel time spent in this place.
 C = Inter-level travel time spent in this place.
 D = Time resting spent in this place.
 E = Time spent auto-exploring this place.
 F = Levels seen in this place.
 G = Mean time per level.
                   A        B        C        D        E       F      G
               +--------+--------+--------+--------+--------+-----+--------+
         Total |   2774 |   2629 |    145 |     58 |   1843 |   4 |  693.5 |
       Dungeon |   2774 |   2629 |    145 |     58 |   1843 |   4 |  693.5 |
               +--------+--------+--------+--------+--------+-----+--------+

Top non-repeatable levels by time:
     D:2: 1056 daAuts
     D:3: 837 daAuts
     D:1: 778 daAuts
     D:4: 101 daAuts
